[Event "Titled Tuesday Blitz June 21 Late 2022"]
[White "Livaic, Leon"]
[Black "Jobava, Baadur"]
[WhiteFideId "14531534"]
[BlackFideId "13601520"]
[WhiteElo "2540"]
[BlackElo "2617"]
[Result "0-1"]
[Round "06"]
[TimeControl "180+1"]
[Date "2022.06.21"]
[WhiteClock "0:00:05"]
[BlackClock "0:01:02"]

1. d4 d5 2. c4 dxc4 3. e3 Nf6 4. Bxc4 e6 5. Nf3 b6 6. Nc3 Bb7 7. Qe2 Bb4 8. Bd2 Nbd7 9. O-O O-O 10. a3 Bxc3 11. Bxc3 Ne4 12. Rac1 a5 13. Rfd1 Qe7 14. Be1 Rfd8 15. Bb5 c5 16. Ne5 Ndf6 17. f3 Nd6 18. Nc6 Bxc6 19. Bxc6 Rac8 20. Ba4 cxd4 21. Rxc8 Nxc8 22. Rxd4 Rxd4 23. exd4 h6 24. Qc4 Qd8 25. Bf2 Ne7 26. Bc2 Ned5 27. g3 Qc7 28. Qxc7 Nxc7 29. Kf1 Kf8 30. Ke2 Ke7 31. g4 Ncd5 32. Bg3 g5 33. h4 Ne8 34. hxg5 hxg5 35. Be4 Nef6 36. Bc2 Ne8 37. Kd3 Nd6 38. Bb3 Nf4+ 39. Ke3 Ng2+ 40. Kf2 Nf4 41. Ke3 a4 42. Ba2 Ng2+ 43. Kf2 Nf4 44. Ke3 Ng6 45. Kd3 Kd7 46. Bb1 Nf4+ 47. Bxf4 gxf4 48. Bc2 b5 49. b3 axb3 50. Bxb3 Kc6 51. d5+ exd5 52. Kd4 Nc4 53. a4 bxa4 54. Bxa4+ Kd6 55. Bb3 Ne3 56. Ba2 f6 57. Bb3 Ke6 58. Ba2 Nc2+ 59. Kc3 Ne1 60. Kb4 Ke5 61. Kc5 d4 0-1


[Site "https://www.chess.com"]

[Event "Titled Tuesday Blitz June 21 Late 2022"]
[White "Lopez Gracia, Fernando"]
[Black "Maltsevskaya, Aleksandra"]
[WhiteFideId "2207184"]
[BlackFideId "24174041"]
[WhiteElo "2480"]
[BlackElo "2243"]
[Result "0-1"]
[Round "06"]
[TimeControl "180+1"]
[Date "2022.06.22"]
[WhiteClock "0:00:53"]
[BlackClock "0:00:12"]

1. c4 c5 2. Nf3 e6 3. d4 cxd4 4. Nxd4 Nf6 5. Nc3 Nc6 6. g3 Bc5 7. Nc2 O-O 8. Bg2 d6 9. O-O Bd7 10. Na4 Rc8 11. Nxc5 dxc5 12. b3 Qe7 13. e3 e5 14. Bb2 Bg4 15. Bf3 Bh3 16. Bg2 Rcd8 17. Qe2 Bxg2 18. Kxg2 Rd7 19. Rfd1 Rfd8 20. Rxd7 Qxd7 21. Re1 h6 22. Bc3 Ne4 23. Bb2 Qf5 24. Bc1 Ng5 25. g4 Qe4+ 26. f3 Nxf3 27. Qxf3 Qxc2+ 28. Qe2 Qg6 29. Kh1 Qe4+ 30. Qg2 Qg6 31. Qf3 e4 32. Qf4 Qe6 33. g5 h5 34. g6 fxg6 35. Qg5 Rf8 36. Rg1 Kh7 37. Bb2 Rf2 38. Bc3 Rf5 39. Qh4 Rf3 40. Qg5 b6 41. Rg3 Ne7 42. Rxf3 exf3 43. Qf4 Qh3 44. Qg3 Qxg3 45. hxg3 Nf5 46. Kg1 Nxg3 47. Kf2 Ne4+ 48. Kxf3 Nxc3 0-1


[Site "https://www.chess.com"]

[Event "Titled Tuesday Blitz June 21 Late 2022"]
[White "Lopez Perdomo, Juan David"]
[Black "Fiol, Fabrice"]
[WhiteFideId "4405137"]
[BlackFideId "611670"]
[WhiteElo "1997"]
[BlackElo "2449"]
[Result "1-0"]
[Round "06"]
[TimeControl "180+1"]
[Date "2022.06.22"]
[WhiteClock "0:01:20"]
[BlackClock "0:00:49"]

1. e4 c5 2. d4 cxd4 3. c3 Nf6 4. e5 Nd5 5. Nf3 Nc6 6. cxd4 g6 7. Nc3 Nxc3 8. bxc3 Bg7 9. Ba3 O-O 10. Bc4 d6 11. exd6 exd6 12. O-O Re8 13. Qb3 Qf6 14. Bd5 Bg4 15. Qxb7 Ne7 16. Qxa8 Rxa8 17. Bxa8 Bxf3 18. Bxf3 h5 19. Rab1 Nf5 20. Rb7 a5 21. Bd5 Nh6 22. Bc1 g5 23. h4 gxh4 24. Bxh6 Qxh6 25. Rxf7 Kh8 26. Rb1 Qg5 27. Rb8+ Kh7 28. Be4+ Kh6 29. Rh8+ Bxh8 30. Rh7# 1-0


[Site "https://www.chess.com"]

[Event "Titled Tuesday Blitz June 21 Late 2022"]
[White "Marin Masis, Jose Esteban"]
[Black "Senthilkumar, Pranav"]
[WhiteFideId "6508146"]
[BlackFideId "2083477"]
[WhiteElo "1710"]
[BlackElo "2425"]
[Result "1-0"]
[Round "06"]
[TimeControl "180+1"]
[Date "2022.06.22"]
[WhiteClock "0:00:30"]
[BlackClock "0:01:26"]

1. e4 c5 2. Nf3 Nc6 3. d4 cxd4 4. Nxd4 e6 5. Nc3 Qc7 6. Be3 a6 7. Qd2 Nf6 8. O-O-O Bb4 9. f3 d5 10. a3 Bxc3 11. Qxc3 dxe4 12. fxe4 Nxe4 13. Qd3 Nf6 14. Nxc6 bxc6 15. Bc5 Bb7 16. Be2 Rd8 17. Bd6 Qd7 18. Qg3 Rg8 19. Bc7 Ne4 20. Rxd7 Rxd7 21. Qf4 c5 22. Bf3 g5 23. Qe3 f5 24. Bh5+ Ke7 25. Be5 g4 26. Qh6 Kd8 27. Rd1 Rxd1+ 28. Kxd1 Re8 29. Bxe8 Kxe8 30. Qxe6+ 1-0


[Site "https://www.chess.com"]

[Event "Titled Tuesday Blitz June 21 Late 2022"]
[White "Martin Carmona, Gaston Manuel"]
[Black "Garriga Cazorla, Pere"]
[WhiteFideId "22284567"]
[BlackFideId "32011601"]
[WhiteElo "2162"]
[BlackElo "2433"]
[Result "0-1"]
[Round "06"]
[TimeControl "180+1"]
[Date "2022.06.21"]
[WhiteClock "0:00:02"]
[BlackClock "0:00:43"]

1. d4 Nf6 2. Nf3 c5 3. e3 g6 4. b3 Bg7 5. Bb2 O-O 6. Nbd2 b6 7. Be2 Bb7 8. O-O d6 9. c4 e6 10. Qc2 Qe7 11. a4 Nc6 12. Bc3 a5 13. Qb2 Nb4 14. dxc5 bxc5 15. Ne1 Rad8 16. Bf3 d5 17. cxd5 exd5 18. Rd1 Rfe8 19. Nb1 Ba6 20. Be2 Bxe2 21. Qxe2 d4 22. Bxb4 axb4 23. Nc2 Bh6 24. Rfe1 Qe6 25. Rd3 Nd5 26. Qf1 Nc3 27. exd4 Qxb3 28. Nxc3 bxc3 29. Re2 Rxe2 30. Qxe2 Bd2 31. f3 Qxc2 32. d5 Kf8 33. h4 Re8 34. Qf2 Qxd3 35. Qxc5+ Kg8 0-1


[Site "https://www.chess.com"]

[Event "Titled Tuesday Blitz June 21 Late 2022"]
[White "Martinez Reyes, Pedro Ramon"]
[Black "Clarke, Brandon G I"]
[WhiteFideId "3901807"]
[BlackFideId "400319"]
[WhiteElo "2410"]
[BlackElo "2414"]
[Result "0-1"]
[Round "06"]
[TimeControl "180+1"]
[Date "2022.06.21"]
[WhiteClock "0:00:39"]
[BlackClock "0:00:05"]

1. e4 e6 2. d4 d5 3. Nc3 Nf6 4. Bg5 dxe4 5. Nxe4 Be7 6. Bxf6 gxf6 7. Nf3 a6 8. g3 b5 9. Bg2 Bb7 10. Ned2 Nd7 11. O-O f5 12. a4 Nb6 13. axb5 axb5 14. Qe2 Bc6 15. Ne5 Bxg2 16. Kxg2 Qd5+ 17. Ndf3 O-O 18. Rfd1 Bf6 19. Kg1 Qe4 20. Qxe4 fxe4 21. Nd2 Bxe5 22. dxe5 Nd7 23. Nxe4 Nxe5 24. Kg2 Kg7 25. Nc5 Nc4 26. b3 Nd6 27. g4 h6 28. h3 Rfd8 29. f4 Kf6 30. Kf3 Ke7 31. h4 b4 32. h5 Rxa1 33. Rxa1 Nb5 34. Ke3 Nd4 35. Ra7 Nxc2+ 36. Kf3 Nd4+ 37. Ke4 Nb5 38. Ra4 Nc3+ 39. Ke3 Nxa4 40. bxa4 Rd5 41. Nb3 Kd6 42. a5 Kc6 43. Nd4+ Kb7 44. f5 e5 45. Nb3 f6 46. Ke4 c6 47. Ke3 Ka6 48. Ke2 Kb5 49. Ke3 Kc4 50. Nd2+ Kb5 51. Nb3 Rd8 52. Nd2 c5 53. Ne4 b3 54. a6 b2 55. a7 Kc4 56. Nd2+ Kc3 57. Nb1+ Kc2 58. Na3+ Kb3 59. Nb1 Ra8 60. Nd2+ Kc2 61. Nc4 Rxa7 62. Ke4 b1=Q 63. Ne3+ Kc3+ 64. Kd5 Ra4 65. Ke6 Qe4 66. Kxf6 Qxe3 67. Kf7 Ra6 68. f6 Qg5 69. Kf8 Qxf6+ 70. Ke8 Qg7 71. Kd8 e4 72. Kc8 e3 73. Kb8 e2 74. Kc8 e1=Q 75. Kd8 Qee7+ 76. Kc8 Kd4 77. g5 c4 78. g6 c3 79. Kb8 c2 80. Kc8 c1=Q+ 81. Kb8 Qcc7# 0-1


[Site "https://www.chess.com"]

[Event "Titled Tuesday Blitz June 21 Late 2022"]
[White "Mendonca, Leon Luke"]
[Black "Florescu, Codrut-Constantin"]
[WhiteFideId "35028561"]
[BlackFideId "1202200"]
[WhiteElo "2152"]
[BlackElo "2191"]
[Result "0-1"]
[Round "06"]
[TimeControl "180+1"]
[Date "2022.06.22"]
[WhiteClock "0:00:02"]
[BlackClock "0:00:21"]

1. g3 d5 2. Bg2 Nf6 3. Nf3 e6 4. b3 Be7 5. Bb2 O-O 6. O-O a5 7. a3 c5 8. d3 a4 9. bxa4 Bd7 10. Nbd2 Bxa4 11. Qb1 Nc6 12. e3 b5 13. Ne5 Nxe5 14. Bxe5 Nd7 15. Bb2 Bf6 16. Rc1 Qe7 17. Bxf6 Qxf6 18. c3 Rfb8 19. d4 Qe7 20. Qb2 Nb6 21. Rab1 Qc7 22. dxc5 Qxc5 23. Qb4 Qc7 24. Nf3 Nc4 25. Nd4 g6 26. Ra1 Ne5 27. Qb1 Nc4 28. h4 h6 29. Ra2 Kg7 30. Qb4 Ne5 31. Rd2 Ra7 32. e4 dxe4 33. Bxe4 Nc4 34. Re2 Ra6 35. Bg2 e5 36. Nf3 f6 37. Nd2 Nd6 38. Ree1 Rc8 39. Ne4 Nc4 40. Re2 f5 41. Nd2 Qc5 42. Nxc4 Qxb4 43. axb4 Rxc4 44. Rd2 Ra7 45. Bf1 Rcc7 46. Rd5 e4 47. c4 bxc4 48. Rxc4 Bb3 49. Rxc7+ Rxc7 50. Rd6 Rc1 51. h5 Bc4 52. Rxg6+ Kf7 53. Rxh6 Bxf1 54. Kh2 Be2 55. g4 f4 0-1


[Site "https://www.chess.com"]

[Event "Titled Tuesday Blitz June 21 Late 2022"]
[White "Mickiewicz, Piotr"]
[Black "Adla, Diego"]
[WhiteFideId "1114891"]
[BlackFideId "100072"]
[WhiteElo "2513"]
[BlackElo "2628"]
[Result "1-0"]
[Round "06"]
[TimeControl "180+1"]
[Date "2022.06.22"]
[WhiteClock "0:00:13"]
[BlackClock "0:00:01"]

1. e4 e5 2. Nf3 Nc6 3. Nc3 Nf6 4. d4 exd4 5. Nxd4 Bb4 6. Nxc6 bxc6 7. Bd3 d5 8. exd5 O-O 9. O-O Bg4 10. f3 Bh5 11. Qe1 Nxd5 12. Bd2 Re8 13. Qg3 Nxc3 14. bxc3 Bd6 15. Bf4 Qf6 16. Bxd6 cxd6 17. c4 Bg6 18. Kh1 Re6 19. Rab1 Bxd3 20. cxd3 Qd4 21. Rb3 Rae8 22. h3 h5 23. f4 Re3 24. Qg5 Rxd3 25. f5 Rd1 26. Rf3 Rxf1+ 27. Rxf1 Qxc4 28. Rc1 Qe4 29. f6 Qg6 30. Qxg6 fxg6 31. Rxc6 gxf6 32. Rxd6 Kf7 33. Ra6 Re7 34. h4 Rd7 35. g3 Rc7 36. Kg2 Rb7 37. Kf3 Re7 38. a4 Kg7 39. a5 Kf7 40. Kf4 Kg7 41. Kf3 Rd7 42. Rc6 Kf7 43. a6 Ke7 44. Rc8 Ke6 45. Rc6+ Kf5 46. Rc5+ Ke6 47. Rb5 Rd6 48. Ra5 Rb6 49. Ra4 Rb3+ 50. Kf4 Rb6 51. Ra5 Rb4+ 52. Kf3 Kd6 53. Ke3 1-0


[Site "https://www.chess.com"]

[Event "Titled Tuesday Blitz June 21 Late 2022"]
[White "Mikhalsky, Vladimir"]
[Black "Do Valle Cardoso, Lucas"]
[WhiteFideId "14144352"]
[BlackFideId "2163144"]
[WhiteElo "2301"]
[BlackElo "2277"]
[Result "1-0"]
[Round "06"]
[TimeControl "180+1"]
[Date "2022.06.22"]
[WhiteClock "0:01:06"]
[BlackClock "0:00:09"]

1. c4 Nf6 2. Nc3 e6 3. e4 d5 4. e5 Ne4 5. Nxe4 dxe4 6. Qg4 Qd4 7. Nf3 h5 8. Qf4 g5 9. Nxg5 Qd7 10. Nxe4 Be7 11. d4 b6 12. Be3 Bb7 13. Nf6+ Bxf6 14. Qxf6 Rg8 15. O-O-O Qa4 16. Bg5 Nc6 17. d5 Rg6 18. dxc6 Rxf6 19. cxb7 Rb8 20. Bxf6 Qxa2 21. Be2 Qa1+ 22. Kc2 Qa4+ 23. Kb1 a5 24. Rd8+ 1-0


[Site "https://www.chess.com"]

[Event "Titled Tuesday Blitz June 21 Late 2022"]
[White "Mortazavi, Ali"]
[Black "Jaracz, Pawel"]
[WhiteFideId "401323"]
[BlackFideId "1102222"]
[WhiteElo "2529"]
[BlackElo "2661"]
[Result "1-0"]
[Round "06"]
[TimeControl "180+1"]
[Date "2022.06.22"]
[WhiteClock "0:00:18"]
[BlackClock "0:00:02"]

1. Nf3 d5 2. g3 Nd7 3. Bg2 e5 4. d3 Bd6 5. O-O Ngf6 6. Nc3 O-O 7. e4 c6 8. exd5 cxd5 9. Nb5 Bb8 10. c4 a6 11. Na3 Bd6 12. cxd5 b5 13. Re1 Bb7 14. d4 e4 15. Ng5 Bxd5 16. Nxe4 Nxe4 17. Bxe4 Bxe4 18. Rxe4 Bxa3 19. bxa3 Nf6 20. Re5 Ra7 21. a4 Rd7 22. Bb2 b4 23. Qf3 Nd5 24. Rae1 a5 25. h4 f6 26. Re6 Qa8 27. h5 Nc7 28. Rc6 Rd6 29. Rec1 Rfd8 30. h6 Ne6 31. d5 Ng5 32. Qb3 Qb7 33. hxg7 Kxg7 34. Rc7+ Qxc7 35. Rxc7+ 1-0


[Site "https://www.chess.com"]

[Event "Titled Tuesday Blitz June 21 Late 2022"]
[White "Moussard, Jules"]
[Black "Grischuk, Alexander"]
[WhiteFideId "642908"]
[BlackFideId "4126025"]
[WhiteElo "2589"]
[BlackElo "2762"]
[Result "0-1"]
[Round "06"]
[TimeControl "180+1"]
[Date "2022.06.21"]
[WhiteClock "0:00:04"]
[BlackClock "0:00:04"]

1. e4 e6 2. d4 d5 3. Nc3 Nf6 4. e5 Nfd7 5. Nce2 c5 6. c3 Nc6 7. Nf3 cxd4 8. cxd4 f6 9. Nf4 fxe5 10. Nxe6 Qb6 11. Bb5 e4 12. Nfg5 Nf6 13. Bf4 Bb4+ 14. Bd2 Bxd2+ 15. Qxd2 Bxe6 16. Nxe6 Kf7 17. Ng5+ Kg6 18. Bxc6 Qxc6 19. O-O h6 20. Rac1 Qd6 21. Nh3 Rac8 22. Nf4+ Kh7 23. h3 Qd7 24. Qa5 b6 25. Qa3 a5 26. Qg3 Qf5 27. Ne2 Rhe8 28. Rc3 Rxc3 29. bxc3 Rc8 30. Qe3 Rc4 31. Rb1 Qe6 32. Nf4 Qc6 33. Ne2 b5 34. Qg3 b4 35. cxb4 axb4 36. Kh2 Rc2 37. Nf4 g5 38. Rxb4 gxf4 39. Qxf4 Qc7 40. Qxc7+ Rxc7 41. Kg3 Kg6 42. Kf4 Rc2 43. f3 exf3 44. gxf3 Rxa2 45. Rb6 Rd2 46. Ke5 Re2+ 47. Kf4 Re7 48. h4 Kg7 49. Kf5 Nh5 50. Rg6+ Kh7 51. Rd6 Rf7+ 52. Kg4 Nf4 53. Rd8 Ne2 54. Rxd5 Rf4+ 55. Kh3 Rxf3+ 56. Kg2 Rf7 57. Re5 Nxd4 58. Kg3 Kg6 59. Kg4 Rf6 60. Re7 h5+ 61. Kh3 Rf3+ 62. Kg2 Rf4 63. Kg3 Rg4+ 64. Kh3 Rxh4+ 65. Kg3 Rg4+ 66. Kh3 Nf5 67. Re8 Kg5 68. Rg8+ Kf4 69. Ra8 Rg3+ 70. Kh2 Re3 71. Ra4+ Re4 72. Ra5 Kg4 73. Ra8 Re2+ 74. Kg1 h4 75. Ra4+ Kg3 76. Kf1 Re5 77. Ra3+ Re3 78. Ra5 Rf3+ 79. Kg1 h3 80. Ra2 Ne3 81. Ra1 Rf4 82. Re1 Rf3 83. Rb1 Ng4 84. Kh1 Nf2+ 85. Kg1 h2+ 86. Kf1 h1=Q+ 87. Ke2 Qxb1 0-1


[Site "https://www.chess.com"]

[Event "Titled Tuesday Blitz June 21 Late 2022"]
[White "Murzin, Volodar"]
[Black "Sorensen, Hampus"]
[WhiteFideId "44155573"]
[BlackFideId "8703884"]
[WhiteElo "2585"]
[BlackElo "2262"]
[Result "1-0"]
[Round "06"]
[TimeControl "180+1"]
[Date "2022.06.21"]
[WhiteClock "0:00:10"]
[BlackClock "0:00:02"]

1. e4 e5 2. Nf3 Nc6 3. Bb5 a6 4. Ba4 Nf6 5. O-O Be7 6. Re1 b5 7. Bb3 d6 8. a4 Bg4 9. c3 O-O 10. h3 Bd7 11. d4 h6 12. Nbd2 Re8 13. Nf1 Bf8 14. Ng3 g6 15. Bd2 Qb8 16. Qc1 Na5 17. Ba2 bxa4 18. Bxh6 Bg7 19. Qg5 Nb3 20. Bxb3 Qxb3 21. dxe5 Nh7 22. Qh4 dxe5 23. Rad1 Bc6 24. Rd2 a3 25. bxa3 Qxc3 26. Nh2 Bf6 27. Qg4 Rad8 28. Rde2 Bd7 29. Qf3 Qxf3 30. Nxf3 Bb5 31. Rc2 c6 32. Ra1 Rd6 33. a4 Bd3 34. Rc3 Rb8 35. Kh2 Nf8 36. Rd1 Rbd8 37. Ne1 Bf1 38. Rxd6 Rxd6 39. Nxf1 Rd1 40. Rc1 Rd4 41. Rxc6 Ne6 42. Rxa6 Rxe4 43. Ne3 g5 44. Nf3 Kh7 45. Ng4 Bd8 46. Rxe6 fxe6 47. Bxg5 1-0


[Site "https://www.chess.com"]

[Event "Titled Tuesday Blitz June 21 Late 2022"]
[White "Nathan, Nitish"]
[Black "Araujo Filho, Luiz Antonio Coel"]
[WhiteFideId "30927870"]
[BlackFideId "2130661"]
[WhiteElo "2237"]
[BlackElo "2189"]
[Result "1-0"]
[Round "06"]
[TimeControl "180+1"]
[Date "2022.06.22"]
[WhiteClock "0:01:42"]
[BlackClock "0:00:37"]

1. d4 f5 2. Bf4 Nf6 3. e3 g6 4. Nf3 Bg7 5. Be2 O-O 6. O-O d6 7. c4 c6 8. Nc3 Qe8 9. h3 Nbd7 10. b4 e5 11. Bh2 h6 12. c5 dxc5 13. bxc5 e4 14. Bc4+ Kh7 15. Ne5 g5 16. f3 Nxe5 17. Bxe5 exf3 18. Rxf3 Ne4 19. Nxe4 Bxe5 20. Qf1 Bd7 21. dxe5 fxe4 22. Rxf8 Qxf8 23. Rd1 Qe7 24. Qf6 Re8 25. Rd6 Qxf6 26. exf6 Bf5 27. g4 Bc8 28. f7 Rf8 29. Rd4 h5 30. Rxe4 hxg4 31. hxg4 Kg7 32. Kg2 Bd7 33. Kg3 Rh8 34. Re7 1-0


[Site "https://www.chess.com"]

[Event "Titled Tuesday Blitz June 21 Late 2022"]
[White "Navarrete Mendez, Gonzalo Alberto"]
[Black "Ibarra Jerez, Jose Carlos"]
[WhiteFideId "5106850"]
[BlackFideId "2226332"]
[WhiteElo "2261"]
[BlackElo "2628"]
[Result "0-1"]
[Round "06"]
[TimeControl "180+1"]
[Date "2022.06.21"]
[WhiteClock "0:00:08"]
[BlackClock "0:00:39"]

1. e4 c5 2. Nf3 e6 3. Nc3 a6 4. d4 cxd4 5. Nxd4 b5 6. g3 Bb7 7. Bg2 Ne7 8. O-O Nec6 9. Nb3 d6 10. f4 Be7 11. Qg4 O-O 12. f5 Ne5 13. Qh3 Bc8 14. Be3 Nbc6 15. Rad1 Nc4 16. Bc1 Qb6+ 17. Kh1 Bf6 18. g4 Qd8 19. e5 N4xe5 20. Ne4 d5 21. g5 exf5 22. Rxd5 fxe4 23. Rxd8 Bxh3 24. Rxf8+ Rxf8 25. Bxh3 Be7 26. Re1 Nf3 27. Rxe4 Bxg5 28. Bg2 Bxc1 29. Nxc1 Nfd4 30. c3 Ne6 31. Nb3 Rc8 32. a4 g6 33. Rh4 Ne5 34. axb5 axb5 35. Rb4 Nd3 36. Rxb5 Nxb2 37. Nd4 Nxd4 38. cxd4 Rc1+ 39. Bf1 Rxf1+ 40. Kg2 Rd1 41. Rxb2 Rxd4 42. Kg3 Kg7 43. h3 h5 44. Rf2 g5 45. Ra2 Kg6 46. Kg2 f6 47. Rb2 Rd3 48. Kh2 g4 49. hxg4 hxg4 50. Kg2 f5 51. Rb8 Kg5 52. Rg8+ Kf4 53. Rd8 Rxd8 0-1


[Site "https://www.chess.com"]

[Event "Titled Tuesday Blitz June 21 Late 2022"]
[White "Novikova, Galina"]
[Black "Koellner, Ruben Gideon"]
[WhiteFideId "4157095"]
[BlackFideId "12993093"]
[WhiteElo "1863"]
[BlackElo "2551"]
[Result "0-1"]
[Round "06"]
[TimeControl "180+1"]
[Date "2022.06.22"]
[WhiteClock "0:00:04"]
[BlackClock "0:00:35"]

1. e4 d6 2. d4 Nf6 3. Nc3 e5 4. f3 exd4 5. Qxd4 Nc6 6. Qd1 Be6 7. Be3 d5 8. Bb5 dxe4 9. Qxd8+ Rxd8 10. Bxc6+ bxc6 11. Nxe4 Nxe4 12. fxe4 a6 13. Nf3 Bb4+ 14. c3 Be7 15. O-O c5 16. b3 Rd3 17. Bd2 c4 18. b4 Bg4 19. Rf2 Bxf3 20. gxf3 Bf6 21. Rc1 Kd7 22. Rc2 c5 23. a3 Kc6 24. Kg2 Rhd8 25. f4 Kb5 26. e5 Bh4 27. Re2 Ka4 28. bxc5 Kb3 29. Be3 Rxe3 30. Rb2+ Kxc3 31. Rbc2+ Kd4 32. Rxc4+ Kxc4 33. Rxe3 Kxc5 34. Rh3 Rd2+ 35. Kf1 Rf2+ 36. Kg1 Rxf4 37. Rc3+ Kd5 38. Rc7 Kxe5 39. Ra7 Ra4 40. Re7+ Bxe7 0-1


[Site "https://www.chess.com"]

[Event "Titled Tuesday Blitz June 21 Late 2022"]
[White "Omariev, Maksim"]
[Black "Kanyamarala, Trisha"]
[WhiteFideId "4193423"]
[BlackFideId "45004722"]
[WhiteElo "2475"]
[BlackElo "2134"]
[Result "1-0"]
[Round "06"]
[TimeControl "180+1"]
[Date "2022.06.22"]
[WhiteClock "0:00:12"]
[BlackClock "0:00:02"]

1. g4 e5 2. Bg2 d5 3. h3 Nf6 4. d4 e4 5. c4 c6 6. Nc3 Bd6 7. Bg5 h6 8. Bxf6 Qxf6 9. cxd5 cxd5 10. Nxd5 Qe6 11. Nc3 e3 12. fxe3 Qxe3 13. Qd3 Bg3+ 14. Kd1 Qxd3+ 15. exd3 O-O 16. Nge2 Bd6 17. Nb5 Rd8 18. Rc1 Nc6 19. Bxc6 bxc6 20. Nxd6 Rxd6 21. Kd2 Be6 22. a3 a5 23. Rc5 Rb8 24. Kc2 a4 25. Rf1 Rd7 26. Rxc6 Rdb7 27. b4 axb3+ 28. Kb2 Rd8 29. Rfc1 Ra7 30. R1c5 Kh7 31. Rc7 Ra4 32. Rb7 Bd5 33. Rb4 Ra7 34. Nc3 Be6 35. d5 Bd7 36. Kxb3 Be8 37. a4 f6 38. a5 Bf7 39. Kc4 Rda8 40. Ra4 Be8 41. Ra3 Ra6 42. Kd4 Bf7 43. Nb5 Rd8 44. Nc7 Rad6 45. a6 R6d7 46. a7 Bxd5 47. Nxd5 Ra8 48. Rca5 Kg8 49. Ke4 Kf7 50. Nb6 Re7+ 51. Kf4 g5+ 52. Kf3 Rae8 53. a8=Q Re3+ 54. Kf2 Re2+ 55. Kg1 Re1+ 56. Kh2 1-0


[Site "https://www.chess.com"]

[Event "Titled Tuesday Blitz June 21 Late 2022"]
[White "Pakleza, Zbigniew"]
[Black "Sernecki, Franciszek"]
[WhiteFideId "1119290"]
[BlackFideId "1169297"]
[WhiteElo "2467"]
[BlackElo "2168"]
[Result "1-0"]
[Round "06"]
[TimeControl "180+1"]
[Date "2022.06.21"]
[WhiteClock "0:00:53"]
[BlackClock "0:00:02"]

1. d4 Nf6 2. Nf3 e6 3. Bf4 c5 4. c3 Nc6 5. e3 d5 6. Nbd2 Bd6 7. Bg3 Qe7 8. Ne5 Nd7 9. f4 O-O 10. Bd3 f6 11. Qh5 g6 12. Nxg6 hxg6 13. Bxg6 Qg7 14. f5 e5 15. O-O-O cxd4 16. exd4 b6 17. Nf3 Bb7 18. dxe5 Ncxe5 19. Nd4 Nc5 20. Kb1 a5 21. Bf4 Nf7 22. Bxf7+ Qxf7 23. Qxf7+ Rxf7 24. Bxd6 Ne4 25. Bg3 Rg7 26. Ne6 Rg4 27. Rd4 Re8 28. Rhd1 Bc8 29. Nc7 Rf8 30. Nxd5 Bxf5 31. Ne7+ Kh8 32. Nxf5 Nxc3+ 33. bxc3 Rf4 34. Rxf4 Rd8 35. Rxd8+ Kh7 36. Rg4 a4 37. Rg7# 1-0


[Site "https://www.chess.com"]

[Event "Titled Tuesday Blitz June 21 Late 2022"]
[White "Papp, Levente"]
[Black "Martinez Alcantara, Jose Eduardo"]
[WhiteFideId "751243"]
[BlackFideId "3805662"]
[WhiteElo "2308"]
[BlackElo "2703"]
[Result "0-1"]
[Round "06"]
[TimeControl "180+1"]
[Date "2022.06.21"]
[WhiteClock "0:00:05"]
[BlackClock "0:01:09"]

1. Nf3 c5 2. g3 Nc6 3. c4 g6 4. Bg2 Bg7 5. O-O d6 6. Nc3 e6 7. e3 Nge7 8. d4 O-O 9. d5 exd5 10. cxd5 Na5 11. Qe2 a6 12. Nd2 b5 13. Nb3 Bd7 14. Nxa5 Qxa5 15. a4 bxa4 16. Qc2 Qb4 17. Nxa4 Rfb8 18. Bd2 Bxa4 19. Rxa4 Qxb2 20. Qe4 Nf5 21. Ba5 Qb5 22. g4 Nd4 23. Ra3 Nb3 24. Qc2 Nxa5 0-1


[Site "https://www.chess.com"]

[Event "Titled Tuesday Blitz June 21 Late 2022"]
[White "Pappelis, Dimitrios"]
[Black "Dauner, Benedikt"]
[WhiteFideId "4215281"]
[BlackFideId "16225899"]
[WhiteElo "1998"]
[BlackElo "2230"]
[Result "1-0"]
[Round "06"]
[TimeControl "180+1"]
[Date "2022.06.22"]
[WhiteClock "0:01:57"]
[BlackClock "0:02:28"]

1. d4 b6 2. e4 Bb7 3. Bd3 Nf6 4. Nd2 e6 5. Ngf3 Nc6 6. c3 d5 7. e5 Nd7 8. O-O Be7 9. Re1 a5 10. Nf1 Qc8 11. Bg5 h6 12. Bxe7 Nxe7 13. Rc1 Ba6 14. Bb1 Qb7 15. Ne3 c5 16. a3 Bb5 17. b4 c4 18. a4 axb4 19. axb5 b3 20. Nd2 Ra5 21. Ndxc4 dxc4 22. Nxc4 Rxb5 23. Nd6+ Kd8 24. Nxb7+ Kc7 25. Nd6 Ra5 26. Qxb3 Nd5 27. c4 Ne7 28. c5 Nc6 29. cxb6+ Nxb6 30. Be4 Nd5 31. Bxd5 Rxd5 32. Qb7+ Kd8 33. Qxc6 Ke7 34. Qc7+ Kf8 35. Qxf7# 1-0


[Site "https://www.chess.com"]

[Event "Titled Tuesday Blitz June 21 Late 2022"]
[White "Peatman, Carter"]
[Black "Vu, Bui Thi Thanh Van"]
[WhiteFideId "2096480"]
[BlackFideId "12408921"]
[WhiteElo "2466"]
[BlackElo "1602"]
[Result "1-0"]
[Round "06"]
[TimeControl "180+1"]
[Date "2022.06.22"]
[WhiteClock "0:00:31"]
[BlackClock "0:00:42"]

1. d4 f5 2. Bf4 Nf6 3. e3 e6 4. Nf3 g6 5. c4 Bg7 6. Nc3 d6 7. h3 O-O 8. Be2 Qe7 9. O-O Nbd7 10. Bh2 e5 11. b4 exd4 12. exd4 Ne4 13. Nd5 Qd8 14. Qc2 Ndf6 15. Nxf6+ Qxf6 16. Rac1 Bd7 17. Rfd1 Rae8 18. c5 d5 19. Bxc7 f4 20. b5 Bf5 21. Qa4 Nxc5 22. dxc5 Rxe2 23. c6 b6 24. Qxa7 Be4 25. Be5 Qf7 26. Qxf7+ Kxf7 27. Ng5+ Kg8 28. Bxg7 Kxg7 29. Ne6+ Kf7 30. Nxf8 Kxf8 31. c7 1-0


[Site "https://www.chess.com"]

[Event "Titled Tuesday Blitz June 21 Late 2022"]
[White "Pesotskiy, Mikhail"]
[Black "Aksu, Vedat Ali"]
[WhiteFideId "34164453"]
[BlackFideId "6304320"]
[WhiteElo "2010"]
[BlackElo "2308"]
[Result "1-0"]
[Round "06"]
[TimeControl "180+1"]
[Date "2022.06.22"]
[WhiteClock "0:01:05"]
[BlackClock "0:00:11"]

1. d4 Nf6 2. c4 e6 3. Nc3 d5 4. cxd5 exd5 5. Bg5 c6 6. Qc2 Be7 7. e3 Nbd7 8. Bd3 O-O 9. h3 Re8 10. Bf4 Nf8 11. Nf3 Be6 12. O-O-O Rc8 13. Kb1 b5 14. Rc1 Qa5 15. g4 c5 16. Bxb5 cxd4 17. Nxd4 Red8 18. Nc6 Rxc6 19. Bxc6 d4 20. Qa4 Qb6 21. Ne4 Nd5 22. Be5 dxe3 23. Bd4 Qb8 24. fxe3 Nb6 25. Qb5 Ng6 26. Rhd1 Rc8 27. Nc5 Bg5 28. Nxe6 fxe6 29. Qxg5 1-0


[Site "https://www.chess.com"]

[Event "Titled Tuesday Blitz June 21 Late 2022"]
[White "Postnikov, Daniil"]
[Black "Leiva, Gianmarco"]
[WhiteFideId "4166329"]
[BlackFideId "3804399"]
[WhiteElo "2261"]
[BlackElo "2323"]
[Result "0-1"]
[Round "06"]
[TimeControl "180+1"]
[Date "2022.06.21"]
[WhiteClock "0:00:02"]
[BlackClock "0:00:06"]

1. e4 c5 2. Nf3 d6 3. Bb5+ Nd7 4. d4 cxd4 5. Qxd4 a6 6. Bxd7+ Bxd7 7. c4 Nf6 8. Bg5 e6 9. Nc3 Be7 10. O-O O-O 11. Qd3 h6 12. Bh4 Qa5 13. e5 dxe5 14. Bxf6 Bxf6 15. Qxd7 Qb4 16. Qa4 Qxa4 17. Nxa4 e4 18. Nd2 b5 19. Nb6 Rad8 20. Nxe4 Bd4 21. c5 f5 22. Nd6 Bxc5 23. Ndc8 Bxb6 24. Nxb6 Rd6 25. Rfd1 Rxb6 26. Rac1 Rf7 27. f4 Re7 28. Rc5 Kf7 29. b4 Kf6 30. Rd8 g5 31. g3 gxf4 32. gxf4 Rg7+ 33. Kf2 Rg4 34. Kf3 Rb7 35. Rc6 Re7 36. Rxa6 Rh4 37. Rb8 Rh3+ 38. Kg2 Rd3 39. Rxb5 Red7 40. Re5 Rd2+ 41. Kf3 R7d3+ 42. Re3 Rxe3+ 43. Kxe3 Rxh2 44. b5 Rb2 45. b6 h5 46. a4 h4 47. a5 h3 48. Ra8 Kg7 49. Rd8 h2 50. Rd1 Rb5 51. Ra1 Rxa5 52. Rh1 Rb5 53. Rxh2 Rxb6 54. Rg2+ Kf6 55. Kd4 Rb4+ 56. Ke3 Rb3+ 57. Kd4 Rf3 58. Rf2 Rxf2 0-1


[Site "https://www.chess.com"]